Map: Site Delta LE

Players

Dragnor - Winner!

  • Race: Zerg Zerg
  • Spawn Location: 11:00

demzi

  • Race: Zerg Zerg
  • Spawn Location: 5:00

VOD

Have the link to the VOD?

Description

Time

  • Played on: March 20, 2024, 2:39 p.m.
  • Length: 4:07
Show
View Real Time Build Order
Export as new Build Order

Dragnor Zerg - Winner!

Build Orders: Hatch First 

Get SALT Encoding   

  12  0:01  Drone  
  13  0:13  Overlord  
  13  0:17  Drone  
  14  0:31  Drone x2  
  16  0:35  Drone  
  17  0:55  Hatchery  
  16  0:58  Drone  
  16  0:59  Drone  
  18  1:12  Extractor  
  18  1:15  Spawning Pool  
  16  1:18  Drone  
  16  1:21  Drone  
  18  1:29  Drone  
  19  1:42  Overlord  
  19  2:02  Zergling x2  
  19  2:03  Zergling x2  
  19  2:05  Queen  
  19  2:07  Queen  
  25  2:13  Metabolic Boost  
  25  2:16  Drone x2  
  27  2:23  Zergling x4  
  29  2:33  Spine Crawler  
  29  2:36  Zergling x2  
  29  2:38  Spine Crawler  
  28  2:44  Baneling Nest  
  28  2:49  Zergling x4  
  29  3:11  Zergling x12  
  35  3:35  Zergling x2, Overlord  
  35  3:36  Overlord x2  
Show
View Real Time Build Order
Export as new Build Order

demzi Zerg 

Build Orders:  

Get SALT Encoding   

Tags
 
Matchup
ZvZ
Race
Zerg
Replay Pack
Multiplayer
Spawn Locations
Cross Positions
Add a new tag
Caveats
  • Supply blocks, unpowered buildings, or Contaminate may cause inaccurate times.
  • Supply counts are checked every 10 seconds.